 Dungeon Crawl Stone Soup version 0.31-a0-200-gbc41564c69 (webtiles) character file.

Game seed: 4424655315202135066

1871 qw the Skirmisher (level 8, -4/46 HPs)
             Began as a Deep Elf Hunter on June 25, 2023.
             Slain by an orc warrior
             ... wielding a +0 glaive
              (12 damage)
             ... on level 7 of the Dungeon.
             The game lasted 00:02:32 (5939 turns).

qw the Skirmisher (Deep Elf Hunter)                 Turns: 5939, Time: 00:02:32

Health: -4/46      AC: 13    Str:  9    XL:     8   Next: 90%
Magic:  10/10      EV: 15    Int: 19    God:
Gold:   162        SH:  0    Dex: 23    Spells: 7/7 levels left

rFire   . . .        Y - +2 shortbow
rCold   . . .        (shield currently unavailable)
rNeg    . . .        b - +5 scale mail "Wick" {Will+}
rPois   .            l - +1 helmet
rElec   .            g - +2 cloak
rCorr   .            (no gloves)
SInv    .            (no boots)
Will    +....        (no amulet)
Stlth   +            i - +6 ring of dexterity
HPRegen 0.27/turn    a - +5 ring of evasion
MPRegen 0.12/turn

%: no passive effects
@: no status effects
A: clever 1, deformed body
a: no special abilities


You were on level 7 of the Dungeon.
You visited 1 branch of the dungeon, and saw 7 of its levels.

You collected 360 gold pieces.
You spent 198 gold pieces at shops.


Innate Abilities, Weirdness & Mutations

Your mind is acute. (Int +4, Str/Dex -1)
Armour fits poorly on your strangely shaped body.


   Skills:
 + Level 3.0 Fighting
 - Level 14.0 Ranged Weapons
 - Level 2.7 Armour
 - Level 4.1 Dodging
 - Level 1.2 Stealth


You had 7 spell levels left.
You didn't know any spells.
Your spell library was empty.

Inventory:

Hand Weapons
 Y - a +2 shortbow (weapon)
Armour
 b - the +5 scale mail "Wick" (worn) {Will+}
   (You bought it in a shop on level 3 of the Dungeon)

   Will:      It increases your willpower.
 g - a +2 cloak (worn)
 l - a +1 helmet (worn)
Jewellery
 a - a +5 ring of evasion (right hand)
 i - a +6 ring of dexterity (left hand)
 n - a ring of protection from fire
Scrolls
 f - 2 scrolls of identify
Potions
 c - a potion of enlightenment
 d - a potion of curing
 e - a potion of haste
 h - a potion of might

Dungeon Overview and Level Annotations

Branches:
Dungeon (7/15)
 Temple: D:4-7

Altars:
Dithmenos
Trog

Shops:
D:1 ?   D:3 [   D:4 :

Annotations:
D:3 1 runed translucent door, Crazy Yiuf


Message History

The killer bee misses you. The killer bee closely misses you.
The killer bee stings you! The killer bee closely misses you.
The killer bee stings you but does no damage.
The killer bee completely misses you.
5933 ||| READING scroll of teleportation.
As you read the scroll of teleportation, it crumbles to dust.
You feel strangely unstable.
The killer bee stings you but does no damage.
The killer bee misses you. x3; The killer bee closely misses you.
The killer bee barely misses you.
You shoot an arrow. The arrow hits the killer bee.
The killer bee is almost dead.
The killer bee stings you but does no damage.
The killer bee completely misses you.
The killer bee stings you but does no damage.
The killer bee completely misses you. The killer bee stings you.
The killer bee barely misses you.
You shoot an arrow. The arrow misses the killer bee.
Your surroundings suddenly seem different.
An orc warrior, an orc, an orc wizard and 2 orc priests come into view.
The orc warrior shouts!
The orc priest shouts!
The orc wizard shouts!
The orc priest shouts!
The orc warrior barely misses you.
You shoot an arrow.
The arrow barely misses the orc warrior.
The arrow barely misses the orc wizard.
The orc warrior closely misses you.
You shoot an arrow. The arrow hits the orc warrior.
The orc warrior is lightly wounded.
The orc warrior misses you.
You shoot an arrow. The arrow hits the orc warrior.
The orc warrior is lightly wounded.
The orc warrior closely misses you.
You shoot an arrow. The arrow hits the orc warrior!
The orc warrior is moderately wounded.
The orc priest casts a cantrip, but nothing happens.
The orc priest calls upon Beogh to heal the orc warrior.
The orc warrior is healed somewhat.
The orc warrior hits you with a +0 glaive!
You die...

# #. #.. . ..
....#.########
#..o@.....#
#..ooo....#
#..o......#
#.........#
#.........#
..........#
#..........#
..##########


You could see an orc warrior, 2 orc priests, an orc wizard and an orc.

Vanquished Creatures
  2 steam dragons
  An ice beast (D:5)
  A black bear (D:5)
  2 ogres (D:4)
  2 centaurs (D:6)
  A phantom (D:5)
  A kobold brigand (D:6)
  A scorpion (D:6)
  A howler monkey (D:4)
  3 orc priests
  A sleepcap (D:6)
  8 iguanas
  Natasha (thrice) (D:3)
  3 orc wizards
  Ijyb (D:4)
  12 adders
  15 gnolls
  2 ufetubi
  3 worms
  3 dart slugs
  13 orcs
  6 ball pythons
  6 bats (D:1)
  7 endoplasms
  A giant cockroach (D:3)
  8 goblins
  9 hobgoblins
  4 jackals (D:1)
  3 quokkas
  7 frilled lizards
  11 kobolds
  9 rats
150 creatures vanquished.

Notes
Turn   | Place    | Note
-------+----------+-------------------------------------------
     0 | D:1      | qw the Deep Elf Hunter began the quest for the Orb.
     0 | D:1      | Reached XP level 1. HP: 12/12 MP: 3/3
     0 | D:1      | 0 ||| qw: Version: 0.3-a-22-g0ed2b0b
     0 | D:1      | 0 ||| qw: Game counter: 5617
     0 | D:1      | 0 ||| qw: Melee chars always use a shield: true
     0 | D:1      | 0 ||| qw: God list: Okawaru
     0 | D:1      | 0 ||| qw: Allow faded altars: false
     0 | D:1      | 0 ||| qw: Do Orc after clearing Dungeon:15 true
     0 | D:1      | 0 ||| qw: Do second Lair branch before Depths: true
     0 | D:1      | 0 ||| qw: Lair rune preference: random
     0 | D:1      | 0 ||| qw: Goals: Normal
     0 | D:1      | 0 ||| PLANNING D:1-11
    35 | D:1      | Found Sumojub's Magic Scroll Shop.
    43 | D:1      | 43 ||| SHOPLISTING scroll of identify (24 gold, have 0).
   216 | D:1      | Reached skill level 6 in Ranged Weapons
   216 | D:1      | Reached XP level 2. HP: 16/16 MP: 4/4
   581 | D:1      | Reached XP level 3. HP: 20/20 MP: 5/5
   781 | D:1      | 781 ||| UPGRADING to +0 cloak.
   786 | D:1      | 786 ||| READING scroll labelled KIHEAW TIETEOJ.
   787 | D:1      | 787 ||| READING 4 scrolls labelled CYRRUR AWULI.
   792 | D:1      | 792 ||| READING 3 scrolls labelled HIENAM CIMM.
   793 | D:1      | 793 ||| READING 2 scrolls of identify.
   793 | D:1      | 793 ||| IDENTIFYING coppery potion
   794 | D:1      | 794 ||| DROPPING scroll of butterflies.
  1119 | D:2      | Reached skill level 7 in Ranged Weapons
  1128 | D:2      | HP: 5/20 [poisoned by an adder]
  1526 | D:2      | Reached XP level 4. HP: 18/25 MP: 6/6
  1761 | D:2      | 1761 ||| UPGRADING to +0 scale mail.
  1771 | D:2      | 1771 ||| DROPPING +0 leather armour.
  1772 | D:2      | 1772 ||| UPGRADING to +0 ring mail.
  1782 | D:2      | 1782 ||| DROPPING +0 scale mail.
  1783 | D:2      | 1783 ||| UPGRADING to ring of protection from fire.
  1784 | D:2      | 1784 ||| READING 3 scrolls labelled AHIEMITHROROA.
  1785 | D:2      | 1785 ||| READING scroll labelled GUETYTZAME.
  1786 | D:2      | 1786 ||| READING scroll labelled VOADDO FOGOXKA.
  1787 | D:2      | 1787 ||| READING 3 scrolls labelled EKOIGR ELOWU.
  1788 | D:2      | 1788 ||| READING 2 scrolls of enchant armour.
  1788 | D:2      | 1788 ||| ENCHANTING +0 cloak.
  1789 | D:2      | 1789 ||| READING scroll of enchant armour.
  1789 | D:2      | 1789 ||| ENCHANTING +1 cloak.
  1790 | D:2      | 1790 ||| READING 4 scrolls of identify.
  1790 | D:2      | 1790 ||| IDENTIFYING clear potion
  1791 | D:2      | 1791 ||| READING 3 scrolls of identify.
  1791 | D:2      | 1791 ||| IDENTIFYING sapphire potion
  1792 | D:2      | 1792 ||| READING 2 scrolls of identify.
  1792 | D:2      | 1792 ||| IDENTIFYING emerald potion
  1793 | D:2      | 1793 ||| DROPPING 2 scrolls of blinking.
  1794 | D:2      | 1794 ||| DROPPING potion of ambrosia.
  1815 | D:3      | Found Oranlar's Antique Armour Boutique.
  1840 | D:3      | Noticed Natasha
  1849 | D:3      | HP: 5/25 [Natasha (3)]
  1850 | D:3      | 1850 ||| READING 3 scrolls of teleportation.
  1850 | D:3      | HP: 1/25 [Natasha (3)]
  1851 | D:3      | 1851 ||| DRINKING potion of heal wounds.
  1852 | D:3      | Killed Natasha
  1853 | D:3      | Reached skill level 8 in Ranged Weapons
  2109 | D:3      | Noticed Natasha
  2131 | D:3      | HP: 5/25 [cerulean imp/+2 spear[Natasha] (4)]
  2132 | D:3      | 2132 ||| READING 3 scrolls of teleportation.
  2197 | D:3      | Killed Natasha
  2198 | D:3      | Reached XP level 5. HP: 16/29 MP: 7/7
  2374 | D:3      | Found Jarruona's Antique Armour Boutique.
  2379 | D:3      | 2379 ||| BUYING crude scale mail (198 gold).
  2379 | D:3      | Bought a crude scale mail for 198 gold pieces
  2379 | D:3      | Identified the +5 scale mail "Wick" {Will+} (You bought it
                  | in a shop on level 3 of the Dungeon)
  2379 | D:3      | 2379 ||| SHOPLISTING glowing swamp dragon scales (1166
                  | gold, have 4).
  2379 | D:3      | 2379 ||| SHOPLISTING pair of boots (99 gold, have 4).
  2424 | D:3      | Noticed Natasha
  2430 | D:3      | Killed Natasha
  2605 | D:3      | Reached skill level 9 in Ranged Weapons
  2620 | D:3      | Found a runed translucent door.
  2621 | D:3      | Noticed Crazy Yiuf
  2823 | D:3      | 2823 ||| UPGRADING to +5 scale mail "Wick" {Will+}.
  2833 | D:3      | 2833 ||| DROPPING +0 ring mail.
  2834 | D:3      | 2834 ||| UPGRADING to +5 ring of evasion.
  2835 | D:3      | 2835 ||| DRINKING 2 inky potions.
  2836 | D:3      | 2836 ||| READING 3 scrolls of identify.
  2836 | D:3      | 2836 ||| IDENTIFYING sedimented red potion
  2837 | D:3      | 2837 ||| DROPPING potion of brilliance.
  2838 | D:3      | 2838 ||| DROPPING potion of magic.
  3025 | D:4      | Reached skill level 1 in Armour
  3128 | D:4      | Noticed Ijyb
  3148 | D:4      | Killed Ijyb
  3149 | D:4      | Reached XP level 6. HP: 26/35 MP: 8/8
  3156 | D:4      | HP: 3/35 [ogre/+0 giant club (6)]
  3157 | D:4      | 3157 ||| READING 2 scrolls of teleportation.
  3161 | D:4      | 3161 ||| READING scroll of teleportation.
  3165 | D:4      | 3165 ||| Stepping ~*~*~tactically~*~*~ (outnumbered).
  3302 | D:4      | Found Hieletz's Tiny Tomes.
  3579 | D:4      | Reached skill level 10 in Ranged Weapons
  3596 | D:4      | Reached XP level 7. HP: 19/40 MP: 9/9
  3824 | D:4      | 3824 ||| READING scroll labelled NENAGA INIE.
  3825 | D:4      | 3825 ||| READING 2 scrolls labelled TENUNE MALOREI.
  3826 | D:4      | 3826 ||| READING scroll of enchant weapon.
  3826 | D:4      | 3826 ||| ENCHANTING +1 shortbow.
  3827 | D:4      | 3827 ||| READING scroll labelled XEVUSU BUMYTTU.
  3828 | D:4      | 3828 ||| DRINKING 2 cyan potions.
  3829 | D:4      | 3829 ||| READING 3 scrolls of identify.
  3829 | D:4      | 3829 ||| IDENTIFYING dark potion
  3830 | D:4      | 3830 ||| READING 2 scrolls of identify.
  3830 | D:4      | 3830 ||| IDENTIFYING yellow potion
  3831 | D:4      | 3831 ||| DROPPING potion of invisibility.
  3833 | D:4      | 3833 ||| Stepping ~*~*~tactically~*~*~ (cloud).
  3923 | D:5      | Entered Level 5 of the Dungeon
  3978 | D:5      | Reached skill level 11 in Ranged Weapons
  3988 | D:5      | Reached skill level 3 in Dodging
  4162 | D:5      | 4162 ||| Stepping ~*~*~tactically~*~*~ (outnumbered).
  4164 | D:5      | 4164 ||| Stepping ~*~*~tactically~*~*~ (outnumbered).
  4255 | D:5      | 4255 ||| Stepping ~*~*~tactically~*~*~ (outnumbered).
  4257 | D:5      | 4257 ||| Stepping ~*~*~tactically~*~*~ (outnumbered).
  4268 | D:5      | Reached skill level 12 in Ranged Weapons
  4345 | D:5      | Reached skill level 3 in Fighting
  4345 | D:5      | Reached XP level 8. HP: 36/46 MP: 10/10
  4445 | D:5      | HP: 4/46 [orc priest/divine providence (12)]
  4446 | D:5      | 4446 ||| DRINKING potion of heal wounds.
  4628 | D:5      | Found a shadowy altar of Dithmenos.
  4808 | D:5      | 4808 ||| UPGRADING to +6 ring of dexterity.
  4810 | D:5      | 4810 ||| DRINKING 3 fuming amethyst potions.
  4810 | D:5      | Gained mutation: You are dopey. (Int -2) [potion of
                  | mutation]
  4810 | D:5      | Gained mutation: You have hidden genetic defects. [potion
                  | of mutation]
  4897 | D:6      | 4897 ||| Stepping ~*~*~tactically~*~*~ (cloud).
  4901 | D:6      | HP: 10/46 [steam dragon/ball of steam (16)]
  4902 | D:6      | 4902 ||| READING scroll of teleportation.
  4903 | D:6      | HP: 4/46 [steam dragon (7)]
  5085 | D:6      | 5085 ||| Stepping ~*~*~tactically~*~*~ (outnumbered).
  5089 | D:6      | 5089 ||| Stepping ~*~*~tactically~*~*~ (outnumbered).
  5112 | D:6      | Reached skill level 13 in Ranged Weapons
  5171 | D:6      | Gained mutation: Your magical capacity is low. (-10% MP)
                  | [hidden defects]
  5560 | D:6      | 5560 ||| FLEEEEING.
  5561 | D:6      | 5561 ||| FLEEEEING.
  5562 | D:6      | 5562 ||| FLEEEEING.
  5563 | D:6      | 5563 ||| FLEEEEING.
  5568 | D:6      | 5568 ||| STAIRDANCE
  5573 | D:5      | Gained mutation: You occasionally lose the ability to read
                  | scrolls when taking damage. [hidden defects]
  5573 | D:5      | Lost mutation: You have hidden genetic defects. [hidden
                  | defects expressed]
  5590 | D:5      | 5590 ||| DRINKING 2 potions of mutation.
  5590 | D:5      | Lost mutation: Your magical capacity is low. (-10% MP)
                  | [potion of mutation]
  5590 | D:5      | Lost mutation: You are dopey. (Int -2) [potion of mutation]
  5590 | D:5      | Gained mutation: Your spells are a little easier to cast,
                  | but a little less powerful. [potion of mutation]
  5591 | D:5      | 5591 ||| DRINKING potion of mutation.
  5591 | D:5      | Lost mutation: You occasionally lose the ability to read
                  | scrolls when taking damage. [potion of mutation]
  5591 | D:5      | Lost mutation: Your spells are a little easier to cast, but
                  | a little less powerful. [potion of mutation]
  5591 | D:5      | Gained mutation: Armour fits poorly on your strangely
                  | shaped body. [potion of mutation]
  5591 | D:5      | Gained mutation: Your mind is acute. (Int +4, Str/Dex -1)
                  | [potion of mutation]
  5599 | D:5      | 5599 ||| READING 4 scrolls labelled OXZIOM BIPEHA.
  5600 | D:5      | 5600 ||| DRINKING 2 lumpy clear potions.
  5622 | D:5      | 5622 ||| DROPPING potion of lignification.
  5623 | D:5      | 5623 ||| DROPPING 3 scrolls of immolation.
  5629 | D:6      | Reached skill level 14 in Ranged Weapons
  5868 | D:6      | Found a bloodstained altar of Trog.
  5869 | D:6      | 5869 ||| UPGRADING to +0 helmet.
  5874 | D:6      | 5874 ||| READING scroll of enchant armour.
  5874 | D:6      | 5874 ||| ENCHANTING +0 helmet.
  5914 | D:7      | 5914 ||| Stepping ~*~*~tactically~*~*~ (cloud).
  5932 | D:7      | HP: 11/46 [killer bee (7)]
  5933 | D:7      | 5933 ||| READING scroll of teleportation.
  5939 | D:7      | Slain by an orc warrior

Levels and vault maps discovered:
D:1:      ncdulo_smallfort, layout_basic, serial_shops, shop, minmay_hedge_maze
D:2:      layout_basic, ebering_dispersal_statue_hall, minmay_pentomino_t4
D:3:      layout_basic, serial_shops, shop, nicolae_diamond_shop,
          uniq_crazy_yiuf_cottage, uniq_natasha
D:4:      layout_loops_ring, nicolae_shop_i_like_small_books_too, uniq_ijyb
D:5:      layout_loops_ring, lemuel_crystal_altar, minmay_diced_spiral
D:6:      layout_loops_ring, kennysheep_mini, hex_large
D:7:      layout_rooms, temple_doors_e, nrook_loot_triangle, nicolae_sextant,
          serial_park_tiny_1, uniq_maggie, uniq_duvessa

Skill      XL: |  1  2  3  4  5  6  7  8 |
---------------+-------------------------+-----
Ranged Weapons | 6 7 8 9 10 12 14 | 14.0
Armour         | 1 2 |  2.7
Fighting       | 2 3 |  3.0
Dodging        | 3 4 |  4.1
Stealth        | |  1.2

Action                     |  1- 3 |  4- 6 |  7- 9 || total
---------------------------+-------+-------+-------++-------
   Fire: Shortbow          |   104 |   234 |   280 ||   618
    Use: Scroll            |     4 |    14 |    10 ||    28
         Potion            |       |     2 |     6 ||     8
 Armour: Leather armour    |     9 |       |       ||     9
         Ring mail         |       |    10 |       ||    10
         Scale mail        |       |    48 |   134 ||   182
  Dodge: Dodged            |    19 |   103 |   215 ||   337

Table legend:
 A = Non-vault XP
 B = Vault XP
 C = Vault XP percentage of total XP
 D = Non-vault monster count
 E = Vault monster count
 F = Vault count percentage of total count
                 A         B        C        D         E       F
            +---------+---------+-------+---------+---------+-------
      Total |    2485 |     189 |   7.1 |     141 |       9 |   6.0
            +---------+---------+-------+---------+---------+-------
        D:1 |      46 |       0 |   0.0 |      30 |       0 |   0.0
        D:2 |      88 |       5 |   5.4 |      17 |       3 |  15.0
        D:3 |     100 |      36 |  26.5 |      15 |       1 |   6.2
        D:4 |     533 |      33 |   5.8 |      30 |       1 |   3.2
        D:5 |     707 |     115 |  14.0 |      21 |       4 |  16.0
        D:6 |     828 |       0 |   0.0 |      27 |       0 |   0.0
        D:7 |     183 |       0 |   0.0 |       1 |       0 |   0.0
            +---------+---------+-------+---------+---------+-------
